[ AOE2 MATCH · #507108642 ]
UnrankedSpanish vs Lithuanians
Player's team · LOSS
[ REPLAY ANALYSIS · EXTRACTED FROM THE RECORDED GAME ]
Feudal
8:25
Castle
22:19
Imperial
39:24
| APM avg | 55.0 |
| APM peak | 96 |
| eAPM avg | 27.0 |
| Villagers / military | 175 / 193 |
Focus
⚔️ 42.4% · 🌾 57.6%
Scout Cavalry ×115 · Conquistador ×53 · Skirmisher ×10 · Trebuchet (Packed) ×10 · Knight ×3 · Monk ×2
Feudal
10:19
Castle
21:25
Imperial
36:07
| APM avg | 99.6 |
| APM peak | 155 |
| eAPM avg | 45.5 |
| Villagers / military | 175 / 177 |
Focus
⚔️ 67.6% · 🌾 32.4%
Skirmisher ×68 · Leitis ×62 · Archer ×12 · Bombard Cannon ×9 · Battering Ram ×5 · Knight ×4
Match map
Initial resources + every placement click. Lines = walls · curves = elevation contours. ◆ gold · ⬟ stone · ● berries · ✦ relic · ◌ wall gap
Your base· ✓ Closed at 22:19 · 45t walls · no gate
VL Tou's base· Open — opponent sealed themselves in
Smoothed initial terrain · ◌ = detected wall gap · hover for details
Inputs per minute
— Mycroft - - VL Tou
Build order — Mycroft
First 150 of 513 actions detected
| 0:00 | Queue | Villager (Male) ×4 |
| 0:01 | Build | House |
| 0:02 | Build | House |
| 1:24 | Queue | Villager (Male) |
| 1:56 | Build | Lumber Camp |
| 2:03 | Queue | Villager (Male) |
| 2:06 | Queue | Villager (Male) |
| 2:26 | Queue | Villager (Male) |
| 3:11 | Queue | Villager (Male) |
| 3:13 | Queue | Villager (Male) |
| 3:59 | Build | House |
| 4:04 | Queue | Villager (Male) |
| 4:11 | Queue | Villager (Male) |
| 4:25 | Build | Mill |
| 4:28 | Queue | Villager (Male) |
| 4:38 | Queue | Villager (Male) |
| 4:55 | Queue | Villager (Male) |
| 5:00 | Research | Loom |
| 5:02 | Queue | Villager (Male) |
| 5:47 | Research | Loom |
| 6:14 | Research | Feudal Age |
| 6:48 | Build | House |
| 7:10 | Queue | Villager (Male) |
| 7:23 | Build | Palisade Wall |
| 7:24 | Build | Palisade Wall |
| 7:25 | Build | Palisade Wall |
| 7:27 | Build | Palisade Wall |
| 7:31 | Build | Palisade Wall |
| 7:32 | Build | Palisade Wall |
| 7:41 | Build | Palisade Wall |
| 7:43 | Build | Palisade Wall |
| 7:44 | Build | Palisade Wall |
| 8:25 | Age | Feudal Age |
| 8:28 | Build | Mining Camp |
| 8:32 | Build | Barracks |
| 8:33 | Research | Double-Bit Axe |
| 8:34 | Research | Horse Collar |
| 8:36 | Queue | Villager (Male) |
| 8:55 | Queue | Villager (Male) |
| 9:25 | Build | Stable |
| 9:46 | Queue | Villager (Male) |
| 9:47 | Build | Farm |
| 9:49 | Queue | Villager (Male) |
| 9:53 | Build | House |
| 9:59 | Queue | Scout Cavalry |
| 10:00 | Queue | Scout Cavalry |
| 10:17 | Build | Farm |
| 10:27 | Queue | Villager (Male) |
| 10:32 | Build | Farm |
| 10:40 | Build | Farm |
| 10:40 | Queue | Villager (Male) |
| 11:05 | Queue | Villager (Male) |
| 11:07 | Build | Farm |
| 11:16 | Build | Farm |
| 11:23 | Queue | Villager (Male) |
| 11:32 | Build | House |
| 11:35 | Queue | Scout Cavalry |
| 11:38 | Queue | Villager (Male) |
| 12:00 | Queue | Villager (Male) |
| 12:06 | Build | Farm |
| 12:09 | Queue | Villager (Male) |
| 12:22 | Queue | Villager (Male) |
| 12:25 | Build | Mining Camp |
| 12:29 | Queue | Villager (Male) |
| 12:50 | Build | House |
| 13:09 | Queue | Villager (Male) |
| 13:13 | Build | Palisade Wall |
| 13:20 | Build | Palisade Wall |
| 13:20 | Build | Palisade Wall |
| 13:30 | Queue | Villager (Male) |
| 13:33 | Build | Archery Range |
| 13:40 | Build | Palisade Wall |
| 13:51 | Queue | Villager (Male) |
| 14:05 | Queue | Villager (Male) |
| 14:11 | Build | Farm |
| 14:13 | Build | Farm |
| 14:14 | Build | Farm |
| 14:18 | Queue | Skirmisher |
| 14:19 | Queue | Skirmisher |
| 14:38 | Queue | Villager (Male) |
| 14:41 | Build | Farm |
| 14:45 | Queue | Skirmisher |
| 14:46 | Queue | Villager (Male) |
| 14:48 | Build | House |
| 14:53 | Queue | Skirmisher |
| 14:54 | Queue | Villager (Male) |
| 15:09 | Build | House |
| 15:14 | Queue | Villager (Male) |
| 15:16 | Queue | Skirmisher |
| 15:40 | Build | Lumber Camp |
| 15:41 | Queue | Skirmisher |
| 15:44 | Build | House |
| 15:46 | Queue | Villager (Male) |
| 15:47 | Queue | Skirmisher |
| 15:53 | Build | Blacksmith |
| 15:57 | Queue | Villager (Male) |
| 16:08 | Build | House |
| 16:09 | Queue | Villager (Male) |
| 16:17 | Build | House |
| 16:18 | Build | House |
| 16:19 | Queue | Skirmisher |
| 16:25 | Queue | Villager (Male) |
| 16:36 | Build | House |
| 16:37 | Build | Palisade Wall |
| 16:39 | Queue | Villager (Male) |
| 16:43 | Queue | Villager (Male) |
| 16:56 | Build | Palisade Wall |
| 16:57 | Build | Palisade Wall |
| 17:23 | Research | Wheelbarrow |
| 17:33 | Build | Palisade Wall |
| 17:39 | Build | Palisade Wall |
| 17:39 | Build | Palisade Wall |
| 17:40 | Build | Palisade Wall |
| 17:47 | Queue | Villager (Male) |
| 17:54 | Build | Palisade Wall |
| 17:59 | Build | Farm |
| 18:13 | Build | Mining Camp |
| 18:34 | Queue | Villager (Male) |
| 19:03 | Queue | Villager (Male) |
| 19:08 | Build | Market |
| 19:12 | Research | Gold Mining |
| 19:20 | Build | House |
| 19:39 | Research | Castle Age |
| 19:47 | Build | Farm |
| 19:49 | Build | Farm |
| 20:05 | Build | Palisade Wall |
| 20:14 | Research | Gold Mining |
| 20:23 | Queue | Villager (Male) |
| 20:33 | Build | Farm |
| 20:43 | Research | Stone Mining |
| 20:51 | Queue | Villager (Male) |
| 21:04 | Research | Bloodlines |
| 21:16 | Build | House |
| 21:26 | Build | House |
| 21:28 | Build | House |
| 21:42 | Queue | Villager (Male) |
| 21:43 | Research | Fletching |
| 22:05 | Queue | Villager (Male) |
| 22:19 | Age | Castle Age |
| 22:25 | Build | Town Center |
| 22:28 | Research | Elite Skirmisher (upgrade) |
| 22:29 | Research | Bodkin Arrow |
| 22:30 | Research | Bow Saw |
| 22:31 | Queue | Villager (Male) |
| 22:56 | Build | Castle |
| 23:01 | Queue | Villager (Male) |
| 23:12 | Queue | Villager (Male) |
| 23:18 | Build | Farm |
| 23:30 | Queue | Villager (Male) |
| 23:43 | Queue | Villager (Male) |
Build order — VL Tou
First 150 of 599 actions detected
| 0:01 | Queue | Villager (Male) |
| 0:01 | Queue | Villager (Male) |
| 0:01 | Queue | Villager (Male) |
| 0:01 | Queue | Villager (Male) |
| 0:02 | Build | House |
| 0:05 | Build | House |
| 0:10 | Queue | Villager (Male) |
| 0:10 | Queue | Villager (Male) |
| 1:12 | Queue | Villager (Male) |
| 1:12 | Queue | Villager (Male) |
| 1:49 | Queue | Villager (Male) |
| 1:49 | Queue | Villager (Male) |
| 1:56 | Build | Lumber Camp |
| 2:23 | Queue | Villager (Male) |
| 2:24 | Queue | Villager (Male) |
| 2:40 | Queue | Villager (Male) |
| 2:40 | Queue | Villager (Male) |
| 3:10 | Queue | Villager (Male) |
| 3:10 | Queue | Villager (Male) |
| 3:29 | Queue | Villager (Male) |
| 3:29 | Queue | Villager (Male) |
| 3:50 | Build | House |
| 3:54 | Queue | Villager (Male) |
| 4:19 | Queue | Villager (Male) |
| 4:19 | Queue | Villager (Male) |
| 4:35 | Build | Palisade Wall |
| 4:37 | Build | Palisade Wall |
| 4:42 | Queue | Villager (Male) |
| 4:52 | Build | Barracks |
| 4:55 | Queue | Villager (Male) |
| 4:56 | Queue | Villager (Male) |
| 5:02 | Queue | Villager (Male) |
| 5:10 | Build | Palisade Wall |
| 5:12 | Build | Palisade Wall |
| 5:15 | Queue | Villager (Male) |
| 5:19 | Build | House |
| 5:41 | Build | Palisade Wall |
| 6:06 | Build | Palisade Wall |
| 6:10 | Queue | Villager (Male) |
| 6:16 | Queue | Militia |
| 6:16 | Queue | Militia |
| 6:21 | Queue | Militia |
| 6:21 | Queue | Militia |
| 6:32 | Build | Mill |
| 6:41 | Queue | Villager (Male) |
| 6:43 | Build | Palisade Wall |
| 6:55 | Build | Palisade Wall |
| 6:58 | Build | Palisade Wall |
| 7:13 | Queue | Villager (Male) |
| 7:27 | Build | Palisade Wall |
| 7:36 | Research | Loom |
| 7:36 | Research | Loom |
| 7:39 | Build | House |
| 7:58 | Build | Palisade Wall |
| 8:09 | Research | Feudal Age |
| 8:25 | Build | Palisade Wall |
| 8:58 | Build | Lumber Camp |
| 9:28 | Build | Mining Camp |
| 9:59 | Queue | Villager (Male) |
| 10:19 | Age | Feudal Age |
| 10:19 | Queue | Spearman |
| 10:23 | Research | Double-Bit Axe |
| 10:23 | Research | Double-Bit Axe |
| 10:25 | Research | Horse Collar |
| 10:25 | Research | Horse Collar |
| 10:29 | Queue | Villager (Male) |
| 10:44 | Queue | Villager (Male) |
| 10:45 | Queue | Spearman |
| 10:51 | Build | House |
| 11:08 | Queue | Villager (Male) |
| 11:12 | Queue | Spearman |
| 11:21 | Build | House |
| 11:37 | Queue | Villager (Male) |
| 11:38 | Build | Farm |
| 11:47 | Build | House |
| 11:54 | Build | Farm |
| 11:59 | Queue | Villager (Male) |
| 12:07 | Build | Farm |
| 12:12 | Queue | Villager (Male) |
| 12:17 | Queue | Villager (Male) |
| 12:26 | Build | Archery Range |
| 12:34 | Build | House |
| 12:40 | Build | Farm |
| 12:42 | Queue | Villager (Male) |
| 12:57 | Build | House |
| 13:07 | Build | Farm |
| 13:09 | Queue | Villager (Male) |
| 13:16 | Build | Farm |
| 13:27 | Queue | Archer |
| 13:33 | Build | House |
| 13:37 | Build | House |
| 13:41 | Queue | Archer |
| 13:43 | Queue | Villager (Male) |
| 13:47 | Queue | Archer |
| 14:16 | Build | Blacksmith |
| 14:23 | Build | Farm |
| 14:24 | Queue | Villager (Male) |
| 14:37 | Queue | Archer |
| 14:42 | Research | Man-at-Arms (upgrade) |
| 14:50 | Build | House |
| 14:52 | Build | House |
| 15:04 | Research | Fletching |
| 15:05 | Research | Fletching |
| 15:17 | Build | Farm |
| 15:22 | Queue | Villager (Male) |
| 15:41 | Build | Farm |
| 15:41 | Queue | Villager (Male) |
| 15:43 | Build | Farm |
| 16:03 | Queue | Villager (Male) |
| 16:04 | Build | Farm |
| 16:09 | Queue | Archer |
| 16:18 | Build | House |
| 16:21 | Build | Farm |
| 17:02 | Queue | Villager (Male) |
| 17:04 | Build | Farm |
| 17:05 | Queue | Archer |
| 17:14 | Build | Stable |
| 17:30 | Research | Wheelbarrow |
| 17:55 | Build | Lumber Camp |
| 18:01 | Build | Farm |
| 18:03 | Build | Farm |
| 18:19 | Build | Palisade Gate |
| 18:22 | Queue | Archer |
| 18:31 | Research | Castle Age |
| 18:55 | Build | Farm |
| 19:02 | Build | House |
| 19:05 | Queue | Scout Cavalry |
| 19:14 | Build | Farm |
| 19:20 | Queue | Archer |
| 19:30 | Research | Gold Mining |
| 19:30 | Research | Gold Mining |
| 19:32 | Build | House |
| 19:59 | Queue | Scout Cavalry |
| 20:02 | Queue | Archer |
| 20:12 | Build | House |
| 20:20 | Build | Market |
| 21:24 | Queue | Villager (Male) |
| 21:25 | Age | Castle Age |
| 21:31 | Research | Bodkin Arrow |
| 21:32 | Research | Crossbowman (upgrade) |
| 21:34 | Queue | Villager (Male) |
| 21:36 | Build | Town Center |
| 21:58 | Queue | Villager (Male) |
| 22:01 | Build | Town Center |
| 22:23 | Queue | Villager (Male) |
| 22:25 | Build | Monastery |
| 22:30 | Research | Light Cavalry (upgrade) |
| 22:30 | Research | Light Cavalry (upgrade) |
| 22:31 | Research | Husbandry |
| 22:49 | Queue | Villager (Male) |
Match timeline
| 4:35 | VL Tou · wall_segment Palisade Wall x1 |
| 4:37 | VL Tou · wall_segment Palisade Wall x1 |
| 4:52 | VL Tou · first_building Barracks |
| 5:10 | VL Tou · wall_segment Palisade Wall x1 |
| 5:12 | VL Tou · wall_segment Palisade Wall x1 |
| 5:41 | VL Tou · wall_segment Palisade Wall x5 |
| 6:06 | VL Tou · wall_segment Palisade Wall x3 |
| 6:43 | VL Tou · wall_segment Palisade Wall x7 |
| 6:55 | VL Tou · wall_segment Palisade Wall x1 |
| 6:58 | VL Tou · wall_segment Palisade Wall x13 |
| 7:23 | Mycroft · wall_segment Palisade Wall x1 |
| 7:24 | Mycroft · wall_segment Palisade Wall x1 |
| 7:25 | Mycroft · wall_segment Palisade Wall x1 |
| 7:27 | Mycroft · wall_segment Palisade Wall x1 |
| 7:27 | VL Tou · wall_segment Palisade Wall x3 |
| 7:31 | Mycroft · wall_segment Palisade Wall x1 |
| 7:32 | Mycroft · wall_segment Palisade Wall x1 |
| 7:41 | Mycroft · wall_segment Palisade Wall x1 |
| 7:43 | Mycroft · wall_segment Palisade Wall x1 |
| 7:44 | Mycroft · wall_segment Palisade Wall x1 |
| 7:58 | VL Tou · wall_segment Palisade Wall x4 |
| 8:25 | VL Tou · wall_segment Palisade Wall x9 |
| 8:25 | Mycroft · age_up feudal |
| 8:32 | Mycroft · first_building Barracks |
| 9:25 | Mycroft · first_building Stable |
| 10:19 | VL Tou · age_up feudal |
| 12:26 | VL Tou · first_building Archery Range |
| 13:13 | Mycroft · wall_segment Palisade Wall x2 |
| 13:20 | Mycroft · wall_segment Palisade Wall x1 |
| 13:20 | Mycroft · wall_segment Palisade Wall x1 |
| 13:33 | Mycroft · first_building Archery Range |
| 13:40 | Mycroft · wall_segment Palisade Wall x1 |
| 16:37 | Mycroft · wall_segment Palisade Wall x1 |
| 16:56 | Mycroft · wall_segment Palisade Wall x1 |
| 16:57 | Mycroft · wall_segment Palisade Wall x1 |
| 17:14 | VL Tou · first_building Stable |
| 17:33 | Mycroft · wall_segment Palisade Wall x4 |
| 17:39 | Mycroft · wall_segment Palisade Wall x1 |
| 17:39 | Mycroft · wall_segment Palisade Wall x1 |
| 17:40 | Mycroft · wall_segment Palisade Wall x1 |
| 17:54 | Mycroft · wall_segment Palisade Wall x10 |
| 20:05 | Mycroft · wall_segment Palisade Wall x11 |
| 21:25 | VL Tou · age_up castle |
| 22:05 | VL Tou · first_market_buy 100 wood |
| 22:19 | Mycroft · age_up castle |
| 22:25 | VL Tou · first_building Monastery |
| 22:56 | Mycroft · first_building Castle |
| 23:32 | Mycroft · first_market_buy 100 food |
| 23:32 | VL Tou · first_market_sell 100 food |
| 25:00 | Mycroft · first_building Monastery |
| 31:19 | VL Tou · first_building Siege Workshop |
| 34:31 | VL Tou · wall_segment Stone Wall x1 |
| 34:50 | Mycroft · first_market_sell 100 wood |
| 35:01 | VL Tou · wall_segment Stone Wall x13 |
| 35:04 | VL Tou · wall_segment Stone Wall x19 |
| 35:06 | VL Tou · wall_segment Stone Wall x14 |
| 35:08 | VL Tou · wall_segment Stone Wall x8 |
| 35:57 | VL Tou · first_building Castle |
| 36:07 | VL Tou · age_up imperial |
| 39:24 | Mycroft · age_up imperial |
| 39:57 | VL Tou · wall_segment Stone Wall x1 |
| 39:58 | VL Tou · wall_segment Stone Wall x1 |
| 40:03 | VL Tou · wall_segment Stone Wall x1 |
| 40:04 | VL Tou · wall_segment Palisade Wall x3 |
| 40:15 | VL Tou · wall_segment Stone Wall x5 |
| 42:56 | Mycroft · wall_segment Stone Wall x1 |
| 42:57 | Mycroft · wall_segment Stone Wall x1 |
| 42:59 | Mycroft · wall_segment Stone Wall x1 |
| 43:00 | Mycroft · wall_segment Stone Wall x1 |
| 47:54 | Mycroft · resign |
[ AI ANALYSIS · 1 CREDIT ]
What really happened in this match?
Wolo.gg analyzes every decision: build order, eco, micro, common mistakes by bracket. Personalized analysis on WhatsApp or Discord in 30 seconds.
Civ guide
Spanish
Perfil
Jugador #10806702